[ AOE2 MATCH · #474421984 ]
UnrankedBritons vs Poles
[ REPLAY ANALYSIS · EXTRACTED FROM THE RECORDED GAME ]
Feudal
10:32
Castle
14:08
Imperial
29:22
| APM avg | 41.2 |
| APM peak | 74 |
| eAPM avg | 29.1 |
| Villagers / military | 199 / 292 |
Focus
⚔️ 36.2% · 🌾 63.8%
Longbowman ×106 · Knight ×82 · Scout Cavalry ×43 · Trade Cart ×40 · Spearman ×38 · Trebuchet (Packed) ×19
Feudal
10:59
Castle
14:40
Imperial
28:05
| APM avg | 33.0 |
| APM peak | 68 |
| eAPM avg | 25.1 |
| Villagers / military | 174 / 504 |
Focus
⚔️ 31.0% · 🌾 69.0%
Spearman ×296 · Cavalry Archer ×127 · Trebuchet (Packed) ×52 · Trade Cart ×50 · Militia ×29
Feudal
11:23
Castle
14:58
Imperial
30:41
| APM avg | 28.9 |
| APM peak | 79 |
| eAPM avg | 18.9 |
| Villagers / military | 177 / 543 |
Focus
⚔️ 25.4% · 🌾 74.6%
Tarkan ×233 · Scout Cavalry ×183 · Cavalry Archer ×125 · Trade Cart ×52 · Monk ×2
Feudal
10:58
Castle
14:30
Imperial
27:29
| APM avg | 34.8 |
| APM peak | 78 |
| eAPM avg | 25.3 |
| Villagers / military | 173 / 480 |
Focus
⚔️ 36.0% · 🌾 64.0%
Spearman ×258 · Kamayuk ×168 · Trade Cart ×47 · Battering Ram ×26 · Mangonel ×24 · Monk ×3
Feudal
—
Castle
—
Imperial
—
| APM avg | 939.2 |
| APM peak | 6329 |
| eAPM avg | 938.1 |
| Villagers / military | 0 / 76 |
Focus
⚔️ 69.1% · 🌾 30.9%
Obuch ×25 · Spearman ×18 · Monk ×12 · Scout Cavalry ×8 · Mangonel ×6 · Archer ×2
Feudal
—
Castle
—
Imperial
—
| APM avg | 1128.8 |
| APM peak | 12228 |
| eAPM avg | 1128.0 |
| Villagers / military | 0 / 790 |
Focus
⚔️ 77.4% · 🌾 22.6%
Spearman ×173 · Arambai ×164 · Militia ×129 · Scorpion ×125 · Skirmisher ×80 · Battering Ram ×36
Feudal
—
Castle
—
Imperial
—
| APM avg | 728.8 |
| APM peak | 4818 |
| eAPM avg | 727.0 |
| Villagers / military | 0 / 543 |
Focus
⚔️ 82.0% · 🌾 18.0%
Archer ×190 · Camel Scout ×120 · Mameluke ×94 · Scout Cavalry ×79 · Battering Ram ×19 · Skirmisher ×18
Feudal
—
Castle
—
Imperial
—
| APM avg | 1320.4 |
| APM peak | 12673 |
| eAPM avg | 1319.8 |
| Villagers / military | 0 / 255 |
Focus
⚔️ 77.5% · 🌾 22.5%
Camel Scout ×73 · Hand Cannoneer ×50 · Scout Cavalry ×46 · Ghulam ×45 · Skirmisher ×17 · Monk ×10
Match map
Initial resources + every placement click. Lines = walls · curves = elevation contours. ◆ gold · ⬟ stone · ● berries · ✦ relic · ◌ wall gap
Inputs per minute
— 角巻肚肚鳥 - - Patrick02e19
Build order — 角巻肚肚鳥
First 150 of 720 actions detected
| 0:00 | Queue | Villager (Male) |
| 0:00 | Queue | Villager (Male) |
| 0:02 | Build | House |
| 0:03 | Build | House |
| 0:10 | Queue | Villager (Male) |
| 0:11 | Queue | Villager (Male) |
| 1:16 | Queue | Villager (Male) |
| 1:26 | Build | Lumber Camp |
| 2:04 | Queue | Villager (Male) |
| 2:08 | Queue | Villager (Male) |
| 2:34 | Build | House |
| 2:44 | Queue | Villager (Male) |
| 3:22 | Queue | Villager (Male) |
| 3:22 | Queue | Villager (Male) |
| 3:56 | Queue | Villager (Male) |
| 4:13 | Queue | Villager (Male) |
| 4:42 | Build | Mill |
| 4:46 | Queue | Villager (Male) |
| 5:06 | Build | House |
| 5:09 | Queue | Villager (Male) |
| 5:10 | Queue | Villager (Male) |
| 5:10 | Queue | Villager (Male) |
| 5:51 | Queue | Villager (Male) |
| 5:51 | Queue | Villager (Male) |
| 5:55 | Queue | Villager (Male) |
| 6:22 | Build | Farm |
| 6:24 | Build | Farm |
| 6:30 | Queue | Villager (Male) |
| 7:06 | Queue | Villager (Male) |
| 8:11 | Build | Mining Camp |
| 8:17 | Research | Feudal Age |
| 9:00 | Queue | Villager (Male) |
| 9:00 | Queue | Villager (Male) |
| 9:45 | Build | House |
| 10:32 | Age | Feudal Age |
| 10:35 | Build | Market |
| 10:38 | Build | Blacksmith |
| 11:11 | Research | Double-Bit Axe |
| 11:28 | Research | Castle Age |
| 11:47 | Research | Horse Collar |
| 11:58 | Queue | Villager (Male) |
| 12:09 | Build | Farm |
| 12:13 | Build | Farm |
| 12:15 | Build | Farm |
| 12:21 | Build | Farm |
| 12:53 | Build | House |
| 13:03 | Queue | Villager (Male) |
| 13:27 | Queue | Villager (Male) |
| 13:36 | Build | Farm |
| 14:08 | Age | Castle Age |
| 14:10 | Build | Town Center |
| 14:16 | Build | Town Center |
| 14:17 | Queue | Villager (Male) |
| 14:19 | Research | Bow Saw |
| 14:21 | Queue | Villager (Male) |
| 14:30 | Build | Farm |
| 14:33 | Build | Farm |
| 14:42 | Queue | Villager (Male) |
| 15:02 | Build | House |
| 15:04 | Build | House |
| 15:07 | Queue | Villager (Male) |
| 15:22 | Queue | Villager (Male) |
| 15:25 | Build | Farm |
| 15:37 | Queue | Villager (Male) |
| 15:42 | Queue | Villager (Male) |
| 15:45 | Queue | Villager (Male) |
| 15:46 | Queue | Villager (Male) |
| 15:56 | Queue | Villager (Male) |
| 15:56 | Queue | Villager (Male) |
| 16:00 | Build | Farm |
| 16:07 | Research | Wheelbarrow |
| 16:08 | Research | Wheelbarrow |
| 16:09 | Queue | Villager (Male) |
| 16:11 | Queue | Villager (Male) |
| 16:13 | Queue | Villager (Male) |
| 16:18 | Queue | Villager (Male) |
| 16:25 | Build | Farm |
| 16:30 | Build | Farm |
| 16:37 | Build | House |
| 16:38 | Queue | Villager (Male) |
| 16:47 | Build | Farm |
| 16:47 | Queue | Villager (Male) |
| 16:53 | Build | Farm |
| 17:02 | Queue | Villager (Male) |
| 17:07 | Build | House |
| 17:14 | Build | Farm |
| 17:16 | Build | Farm |
| 17:17 | Queue | Villager (Male) |
| 17:19 | Build | Farm |
| 17:39 | Queue | Villager (Male) |
| 17:47 | Build | Farm |
| 17:48 | Queue | Villager (Male) |
| 17:51 | Build | Farm |
| 17:55 | Build | Farm |
| 17:55 | Queue | Villager (Male) |
| 18:11 | Queue | Villager (Male) |
| 18:15 | Build | Farm |
| 18:23 | Queue | Villager (Male) |
| 18:25 | Queue | Villager (Male) |
| 18:31 | Build | Monastery |
| 18:33 | Queue | Villager (Male) |
| 18:42 | Queue | Villager (Male) |
| 18:43 | Queue | Villager (Male) |
| 18:45 | Queue | Villager (Male) |
| 18:50 | Build | Farm |
| 18:51 | Build | Farm |
| 18:52 | Queue | Villager (Male) |
| 18:53 | Queue | Villager (Male) |
| 19:10 | Build | Town Center |
| 19:11 | Queue | Villager (Male) |
| 19:11 | Queue | Villager (Male) |
| 19:12 | Queue | Villager (Male) |
| 19:22 | Build | House |
| 19:23 | Build | House |
| 19:24 | Build | House |
| 19:25 | Queue | Villager (Male) |
| 19:41 | Build | Mill |
| 19:42 | Build | Farm |
| 19:42 | Build | Farm |
| 19:42 | Build | Farm |
| 19:43 | Build | Farm |
| 19:43 | Build | Farm |
| 19:44 | Build | Farm |
| 19:46 | Queue | Villager (Male) |
| 19:46 | Queue | Villager (Male) |
| 19:53 | Queue | Villager (Male) |
| 19:53 | Queue | Villager (Male) |
| 19:58 | Queue | Villager (Male) |
| 20:01 | Queue | Monk |
| 20:12 | Queue | Villager (Male) |
| 20:14 | Queue | Villager (Male) |
| 20:17 | Build | House |
| 20:18 | Queue | Villager (Male) |
| 20:18 | Queue | Villager (Male) |
| 20:20 | Build | House |
| 20:25 | Build | House |
| 20:26 | Build | House |
| 20:26 | Build | House |
| 20:28 | Build | House |
| 20:32 | Build | House |
| 20:39 | Build | Farm |
| 20:41 | Build | Farm |
| 20:41 | Queue | Villager (Male) |
| 20:42 | Queue | Villager (Male) |
| 20:42 | Queue | Villager (Male) |
| 20:46 | Research | Loom |
| 20:46 | Research | Loom |
| 20:50 | Queue | Villager (Male) |
| 20:51 | Queue | Villager (Male) |
| 20:56 | Queue | Villager (Male) |
Build order — Patrick02e19
First 150 of 589 actions detected
| 0:01 | Queue | Villager (Male) ×4 |
| 0:03 | Build | House |
| 0:05 | Build | House |
| 0:06 | Build | House |
| 1:34 | Queue | Villager (Male) |
| 2:02 | Queue | Villager (Male) |
| 2:07 | Queue | Villager (Male) |
| 2:32 | Queue | Villager (Male) |
| 2:44 | Build | Lumber Camp |
| 3:23 | Queue | Villager (Male) |
| 3:43 | Queue | Villager (Male) |
| 4:02 | Queue | Villager (Male) |
| 4:02 | Queue | Villager (Male) |
| 4:07 | Build | House |
| 4:48 | Queue | Villager (Male) |
| 4:48 | Queue | Villager (Male) |
| 5:00 | Queue | Villager (Male) |
| 5:13 | Queue | Villager (Male) |
| 5:33 | Build | Mill |
| 6:03 | Queue | Villager (Male) |
| 6:03 | Queue | Villager (Male) |
| 6:17 | Queue | Villager (Male) |
| 6:18 | Queue | Villager (Male) |
| 6:18 | Queue | Villager (Male) |
| 6:18 | Queue | Villager (Male) |
| 8:26 | Build | Farm |
| 8:28 | Build | House |
| 8:38 | Research | Feudal Age |
| 8:50 | Queue | Villager (Male) |
| 8:50 | Queue | Villager (Male) |
| 9:19 | Build | Farm |
| 9:59 | Build | Farm |
| 10:37 | Build | Farm |
| 10:59 | Age | Feudal Age |
| 11:01 | Build | Market |
| 11:07 | Build | Blacksmith |
| 11:09 | Build | House |
| 11:09 | Build | House |
| 11:16 | Research | Double-Bit Axe |
| 11:47 | Build | Farm |
| 12:00 | Research | Castle Age |
| 12:00 | Research | Castle Age |
| 12:17 | Research | Horse Collar |
| 13:01 | Queue | Villager (Male) |
| 13:01 | Queue | Villager (Male) |
| 13:13 | Build | Farm |
| 13:19 | Build | Farm |
| 14:40 | Age | Castle Age |
| 14:43 | Build | Town Center |
| 14:49 | Build | Town Center |
| 14:52 | Queue | Villager (Male) |
| 14:59 | Build | Farm |
| 15:06 | Research | Bow Saw |
| 15:07 | Queue | Villager (Male) |
| 15:25 | Research | Wheelbarrow |
| 15:25 | Research | Wheelbarrow |
| 15:32 | Build | Farm |
| 15:44 | Build | Farm |
| 15:59 | Build | Farm |
| 16:04 | Queue | Villager (Male) |
| 16:13 | Build | Farm |
| 16:17 | Queue | Villager (Male) |
| 16:17 | Queue | Villager (Male) |
| 16:35 | Build | Farm |
| 16:35 | Build | Farm |
| 16:38 | Queue | Villager (Male) |
| 16:39 | Queue | Villager (Male) |
| 16:39 | Queue | Villager (Male) |
| 16:40 | Queue | Villager (Male) |
| 16:44 | Build | Farm |
| 16:52 | Build | Farm |
| 17:01 | Build | Farm |
| 17:04 | Queue | Villager (Male) |
| 17:06 | Queue | Villager (Male) |
| 17:07 | Queue | Villager (Male) |
| 17:13 | Build | Farm |
| 17:22 | Build | House |
| 17:23 | Queue | Villager (Male) |
| 17:24 | Queue | Villager (Male) |
| 17:43 | Queue | Villager (Male) |
| 17:58 | Queue | Villager (Male) |
| 17:59 | Queue | Villager (Male) |
| 17:59 | Queue | Villager (Male) |
| 18:13 | Build | House |
| 18:26 | Build | Town Center |
| 18:29 | Queue | Villager (Male) |
| 18:30 | Queue | Villager (Male) |
| 18:31 | Queue | Villager (Male) |
| 18:35 | Build | Farm |
| 18:45 | Build | Farm |
| 18:46 | Queue | Villager (Male) |
| 18:47 | Queue | Villager (Male) |
| 18:48 | Queue | Villager (Male) |
| 18:53 | Build | House |
| 18:54 | Build | House |
| 19:04 | Build | Farm |
| 19:05 | Queue | Villager (Male) |
| 19:06 | Queue | Villager (Male) |
| 19:07 | Queue | Villager (Male) |
| 19:18 | Build | Farm |
| 19:19 | Build | Farm |
| 19:24 | Queue | Villager (Male) |
| 19:25 | Queue | Villager (Male) |
| 19:34 | Build | Farm |
| 19:40 | Queue | Villager (Male) |
| 19:53 | Queue | Villager (Male) |
| 19:54 | Queue | Villager (Male) |
| 19:54 | Queue | Villager (Male) |
| 20:04 | Queue | Villager (Male) |
| 20:05 | Queue | Villager (Male) |
| 20:06 | Queue | Villager (Male) |
| 20:21 | Build | Town Center |
| 20:25 | Queue | Villager (Male) |
| 20:26 | Queue | Villager (Male) |
| 20:26 | Queue | Villager (Male) |
| 20:27 | Queue | Villager (Male) |
| 20:28 | Research | Loom |
| 20:31 | Build | House |
| 20:32 | Build | House |
| 20:39 | Build | Farm |
| 20:43 | Build | Farm |
| 21:01 | Build | Farm |
| 21:02 | Build | Farm |
| 21:03 | Queue | Villager (Male) |
| 21:03 | Queue | Villager (Male) |
| 21:04 | Queue | Villager (Male) |
| 21:04 | Queue | Villager (Male) |
| 21:05 | Queue | Villager (Male) |
| 21:13 | Build | Farm |
| 21:15 | Build | Farm |
| 21:15 | Queue | Villager (Male) |
| 21:16 | Queue | Villager (Male) |
| 21:17 | Queue | Villager (Male) |
| 21:24 | Build | Farm |
| 21:29 | Queue | Villager (Male) |
| 21:31 | Queue | Villager (Male) |
| 21:32 | Queue | Villager (Male) |
| 21:34 | Build | House |
| 21:43 | Build | Farm |
| 21:49 | Build | Farm |
| 21:50 | Build | Farm |
| 21:51 | Build | Farm |
| 21:52 | Build | Farm |
| 21:53 | Build | Farm |
| 21:53 | Build | Farm |
| 21:54 | Build | Farm |
| 21:55 | Build | Farm |
| 21:56 | Queue | Villager (Male) |
| 21:56 | Queue | Villager (Male) |
| 21:57 | Queue | Villager (Male) |
Build order — 剧毒术士柯震东
First 150 of 441 actions detected
| 0:01 | Queue | Villager (Male) |
| 0:01 | Queue | Villager (Male) |
| 0:02 | Queue | Villager (Male) |
| 0:07 | Queue | Villager (Male) |
| 1:19 | Build | Lumber Camp |
| 1:23 | Build | Lumber Camp |
| 1:30 | Queue | Villager (Male) |
| 2:07 | Queue | Villager (Male) |
| 2:29 | Queue | Villager (Male) |
| 2:29 | Queue | Villager (Male) |
| 3:17 | Queue | Villager (Male) |
| 3:20 | Queue | Villager (Male) |
| 4:07 | Queue | Villager (Male) |
| 4:10 | Queue | Villager (Male) |
| 4:42 | Build | Mill |
| 5:01 | Queue | Villager (Male) |
| 5:25 | Queue | Villager (Male) |
| 5:30 | Build | Mining Camp |
| 5:36 | Queue | Villager (Male) |
| 6:18 | Queue | Villager (Male) |
| 6:23 | Queue | Villager (Male) |
| 6:47 | Queue | Villager (Male) |
| 7:09 | Queue | Villager (Male) |
| 7:16 | Queue | Villager (Male) |
| 7:44 | Queue | Villager (Male) |
| 8:33 | Queue | Villager (Male) |
| 8:41 | Research | Feudal Age |
| 10:06 | Queue | Villager (Male) |
| 10:06 | Queue | Villager (Male) |
| 11:23 | Age | Feudal Age |
| 11:26 | Build | Market |
| 11:29 | Build | Blacksmith |
| 12:04 | Research | Double-Bit Axe |
| 12:18 | Research | Castle Age |
| 12:22 | Build | Farm |
| 12:25 | Build | Farm |
| 12:43 | Research | Horse Collar |
| 14:05 | Build | Farm |
| 14:18 | Build | Farm |
| 14:18 | Build | Farm |
| 14:18 | Build | Farm |
| 14:18 | Build | Farm |
| 14:18 | Build | Farm |
| 14:18 | Build | Farm |
| 14:37 | Queue | Villager (Male) |
| 14:37 | Queue | Villager (Male) |
| 14:58 | Age | Castle Age |
| 15:00 | Build | Town Center |
| 15:04 | Research | Bow Saw |
| 15:11 | Build | Town Center |
| 15:25 | Build | Monastery |
| 15:35 | Queue | Villager (Male) |
| 15:56 | Queue | Villager (Male) |
| 15:59 | Queue | Villager (Male) |
| 16:16 | Queue | Monk |
| 16:29 | Queue | Villager (Male) |
| 16:30 | Queue | Villager (Male) |
| 16:35 | Build | Town Center |
| 16:45 | Queue | Villager (Male) |
| 17:07 | Build | Farm |
| 17:11 | Build | Farm |
| 17:12 | Build | Farm |
| 17:14 | Build | Farm |
| 17:15 | Queue | Villager (Male) |
| 17:19 | Queue | Villager (Male) |
| 17:34 | Build | Farm |
| 17:34 | Build | Farm |
| 17:37 | Queue | Villager (Male) |
| 17:43 | Research | Loom |
| 17:47 | Build | Farm |
| 17:49 | Build | Farm |
| 17:52 | Queue | Villager (Male) |
| 18:00 | Build | Farm |
| 18:00 | Build | Farm |
| 18:04 | Queue | Villager (Male) |
| 18:05 | Queue | Villager (Male) |
| 18:17 | Queue | Villager (Male) |
| 18:23 | Build | Farm |
| 18:25 | Queue | Monk |
| 18:31 | Queue | Villager (Male) |
| 18:31 | Queue | Villager (Male) |
| 18:41 | Queue | Villager (Male) |
| 18:44 | Build | Farm |
| 18:46 | Build | Farm |
| 18:48 | Queue | Villager (Male) |
| 18:55 | Build | Farm |
| 18:56 | Queue | Villager (Male) |
| 18:58 | Build | Farm |
| 19:02 | Queue | Villager (Male) |
| 19:08 | Build | Farm |
| 19:14 | Queue | Villager (Male) |
| 19:17 | Build | Farm |
| 19:35 | Queue | Villager (Male) |
| 19:35 | Queue | Villager (Male) |
| 19:35 | Queue | Villager (Male) |
| 19:57 | Queue | Villager (Male) |
| 19:57 | Queue | Villager (Male) |
| 20:01 | Build | Farm |
| 20:02 | Queue | Villager (Male) |
| 20:11 | Queue | Villager (Male) |
| 20:12 | Queue | Villager (Male) |
| 20:16 | Queue | Villager (Male) |
| 20:23 | Queue | Villager (Male) |
| 20:25 | Build | Farm |
| 20:28 | Build | Farm |
| 20:37 | Research | Heavy Plow |
| 20:38 | Queue | Villager (Male) |
| 20:38 | Queue | Villager (Male) |
| 20:49 | Build | Town Center |
| 20:51 | Queue | Villager (Male) |
| 20:55 | Queue | Villager (Male) |
| 21:00 | Queue | Villager (Male) |
| 21:06 | Build | Farm |
| 21:12 | Research | Wheelbarrow |
| 21:12 | Research | Wheelbarrow |
| 21:14 | Build | Farm |
| 21:21 | Queue | Villager (Male) |
| 21:23 | Build | Farm |
| 21:25 | Queue | Villager (Male) |
| 21:32 | Queue | Villager (Male) |
| 21:32 | Queue | Villager (Male) |
| 21:38 | Build | Lumber Camp |
| 21:40 | Queue | Villager (Male) |
| 22:04 | Queue | Villager (Male) |
| 22:05 | Queue | Villager (Male) |
| 22:05 | Queue | Villager (Male) |
| 22:10 | Build | Farm |
| 22:11 | Queue | Villager (Male) |
| 22:12 | Queue | Villager (Male) |
| 22:20 | Build | Town Center |
| 22:29 | Queue | Villager (Male) |
| 22:29 | Queue | Villager (Male) |
| 22:39 | Queue | Villager (Male) |
| 22:39 | Queue | Villager (Male) |
| 22:50 | Queue | Villager (Male) |
| 22:52 | Queue | Villager (Male) |
| 22:57 | Queue | Villager (Male) |
| 23:00 | Build | Farm |
| 23:01 | Build | Farm |
| 23:02 | Build | Farm |
| 23:04 | Queue | Villager (Male) |
| 23:14 | Research | Gold Mining |
| 23:15 | Queue | Villager (Male) |
| 23:15 | Queue | Villager (Male) |
| 23:20 | Research | Stone Mining |
| 23:23 | Queue | Villager (Male) |
| 23:23 | Queue | Villager (Male) |
| 23:27 | Queue | Villager (Male) |
| 23:30 | Queue | Villager (Male) |
| 23:32 | Queue | Villager (Male) |
Build order — 恆浪蕩
First 150 of 624 actions detected
| 0:01 | Queue | Villager (Male) ×4 |
| 0:03 | Build | House |
| 0:05 | Build | House |
| 1:31 | Build | Settlement |
| 1:36 | Queue | Villager (Male) |
| 2:01 | Queue | Villager (Male) |
| 2:02 | Queue | Villager (Male) |
| 2:58 | Queue | Villager (Male) |
| 2:58 | Queue | Villager (Male) |
| 3:45 | Queue | Villager (Male) |
| 4:09 | Queue | Villager (Male) |
| 4:21 | Queue | Villager (Male) |
| 4:22 | Queue | Villager (Male) |
| 4:43 | Build | Settlement |
| 5:00 | Queue | Villager (Male) |
| 5:48 | Queue | Villager (Male) |
| 6:02 | Queue | Villager (Male) |
| 6:29 | Queue | Villager (Male) |
| 6:54 | Queue | Villager (Male) |
| 7:00 | Queue | Villager (Male) |
| 7:01 | Queue | Villager (Male) |
| 7:39 | Build | House |
| 7:53 | Queue | Villager (Male) |
| 7:53 | Queue | Villager (Male) |
| 8:40 | Research | Feudal Age |
| 8:59 | Queue | Villager (Male) |
| 9:00 | Queue | Villager (Male) |
| 10:58 | Age | Feudal Age |
| 11:03 | Build | Market |
| 11:07 | Build | Blacksmith |
| 11:23 | Research | Double-Bit Axe |
| 11:50 | Research | Castle Age |
| 12:16 | Build | House |
| 12:40 | Research | Horse Collar |
| 12:42 | Build | Farm |
| 12:42 | Build | Farm |
| 12:43 | Build | Farm |
| 12:43 | Build | Farm |
| 12:46 | Build | Farm |
| 12:46 | Build | Farm |
| 12:46 | Build | Farm |
| 12:47 | Build | Farm |
| 13:08 | Queue | Villager (Male) |
| 14:30 | Age | Castle Age |
| 14:40 | Build | Town Center |
| 14:44 | Queue | Villager (Male) |
| 14:50 | Build | Town Center |
| 15:04 | Build | Monastery |
| 15:10 | Queue | Villager (Male) |
| 15:39 | Queue | Villager (Male) |
| 15:45 | Queue | Monk |
| 15:54 | Build | House |
| 15:58 | Queue | Villager (Male) |
| 16:03 | Build | Farm |
| 16:04 | Queue | Villager (Male) |
| 16:06 | Research | Bow Saw |
| 16:19 | Build | Farm |
| 16:19 | Build | Farm |
| 16:22 | Queue | Villager (Male) |
| 16:22 | Queue | Villager (Male) |
| 16:32 | Build | Farm |
| 16:36 | Research | Loom |
| 16:37 | Queue | Villager (Male) |
| 16:47 | Build | House |
| 16:49 | Queue | Villager (Male) |
| 16:52 | Build | Farm |
| 16:58 | Build | Farm |
| 17:13 | Build | Farm |
| 17:15 | Queue | Villager (Male) |
| 17:32 | Queue | Villager (Male) |
| 17:35 | Queue | Villager (Male) |
| 17:40 | Build | Settlement |
| 17:46 | Queue | Villager (Male) |
| 17:50 | Build | Farm |
| 17:50 | Build | Farm |
| 17:53 | Build | Farm |
| 17:55 | Queue | Villager (Male) |
| 18:10 | Build | Farm |
| 18:12 | Build | Farm |
| 18:14 | Queue | Villager (Male) |
| 18:17 | Queue | Villager (Male) |
| 18:19 | Build | Farm |
| 18:29 | Queue | Villager (Male) |
| 18:29 | Queue | Villager (Male) |
| 18:34 | Queue | Villager (Male) |
| 18:34 | Queue | Villager (Male) |
| 18:42 | Queue | Villager (Male) |
| 18:49 | Queue | Villager (Male) |
| 19:01 | Queue | Villager (Male) |
| 19:01 | Queue | Villager (Male) |
| 19:06 | Build | Town Center |
| 19:11 | Queue | Monk |
| 19:21 | Queue | Villager (Male) |
| 19:21 | Queue | Villager (Male) |
| 19:22 | Queue | Villager (Male) |
| 19:22 | Queue | Villager (Male) |
| 19:23 | Queue | Villager (Male) |
| 19:33 | Queue | Villager (Male) |
| 19:40 | Build | Farm |
| 19:41 | Build | Farm |
| 19:42 | Build | Farm |
| 19:43 | Build | Farm |
| 19:48 | Build | Farm |
| 19:49 | Build | Farm |
| 19:53 | Build | Farm |
| 19:55 | Queue | Villager (Male) |
| 19:55 | Queue | Villager (Male) |
| 19:56 | Queue | Villager (Male) |
| 20:07 | Build | Farm |
| 20:16 | Queue | Villager (Male) |
| 20:16 | Queue | Villager (Male) |
| 20:16 | Queue | Villager (Male) |
| 20:45 | Queue | Villager (Male) |
| 20:45 | Queue | Villager (Male) |
| 20:45 | Queue | Villager (Male) |
| 20:46 | Queue | Villager (Male) |
| 20:49 | Research | Heavy Plow |
| 20:54 | Build | Farm |
| 20:54 | Build | Farm |
| 20:55 | Build | Farm |
| 20:55 | Build | Farm |
| 20:58 | Queue | Villager (Male) |
| 20:59 | Queue | Villager (Male) |
| 21:05 | Build | Farm |
| 21:12 | Queue | Villager (Male) |
| 21:12 | Queue | Villager (Male) |
| 21:25 | Queue | Villager (Male) |
| 21:25 | Queue | Villager (Male) |
| 21:29 | Build | Farm |
| 21:33 | Research | Gold Mining |
| 21:35 | Build | Farm |
| 21:36 | Build | Farm |
| 21:40 | Queue | Villager (Male) |
| 21:40 | Queue | Villager (Male) |
| 22:08 | Queue | Villager (Male) |
| 22:10 | Research | Wheelbarrow |
| 22:11 | Queue | Villager (Male) |
| 22:11 | Queue | Villager (Male) |
| 22:31 | Queue | Villager (Male) |
| 22:32 | Queue | Villager (Male) |
| 22:35 | Build | Farm |
| 22:35 | Build | Farm |
| 22:42 | Build | Farm |
| 22:42 | Build | Farm |
| 22:42 | Build | Farm |
| 22:43 | Build | Farm |
| 22:43 | Build | Farm |
| 22:48 | Queue | Villager (Male) |
| 22:48 | Queue | Villager (Male) |
| 22:55 | Queue | Villager (Male) |
Build order —
First 150 of 587 actions detected
| 0:00 | Build | House |
| 0:04 | Build | House |
| 1:45 | Build | Lumber Camp |
| 1:50 | Build | Lumber Camp |
| 3:48 | Build | House |
| 4:12 | Build | Mill |
| 4:48 | Build | Lumber Camp |
| 5:51 | Research | Tech None |
| 6:43 | Build | Mining Camp |
| 7:10 | Build | Farm |
| 7:34 | Build | Farm |
| 7:36 | Build | Farm |
| 7:41 | Build | Farm |
| 8:21 | Build | House |
| 8:40 | Build | Farm |
| 9:07 | Build | Farm |
| 9:23 | Build | Farm |
| 9:35 | Research | Tech None |
| 10:40 | Build | Lumber Camp |
| 11:20 | Build | Lumber Camp |
| 11:24 | Build | Lumber Camp |
| 11:47 | Build | Market |
| 12:36 | Build | House |
| 12:50 | Build | Blacksmith |
| 13:07 | Research | Tech None |
| 13:28 | Research | Tech None |
| 13:30 | Build | House |
| 13:37 | Research | Tech None |
| 13:58 | Build | Farm |
| 15:03 | Build | Farm |
| 15:07 | Build | Farm |
| 15:12 | Build | Farm |
| 15:25 | Build | Farm |
| 15:49 | Build | Farm |
| 16:10 | Research | Tech None |
| 16:12 | Research | Tech None |
| 16:12 | Build | Town Center |
| 16:41 | Build | Town Center |
| 16:43 | Build | House |
| 17:07 | Research | Tech None |
| 17:11 | Build | House |
| 17:15 | Build | House |
| 17:24 | Research | Tech None |
| 17:35 | Build | Farm |
| 17:43 | Build | Farm |
| 17:50 | Build | Farm |
| 18:12 | Build | Mining Camp |
| 18:16 | Build | Farm |
| 18:42 | Build | Farm |
| 18:44 | Build | Farm |
| 18:56 | Build | Farm |
| 19:07 | Build | Monastery |
| 19:18 | Build | Farm |
| 19:24 | Build | Farm |
| 19:33 | Build | Farm |
| 19:41 | Build | Farm |
| 19:47 | Build | Farm |
| 19:54 | Build | Farm |
| 20:22 | Research | Tech None |
| 20:27 | Build | Lumber Camp |
| 20:37 | Build | Farm |
| 20:41 | Build | House |
| 20:43 | Build | House |
| 20:51 | Build | Farm |
| 20:57 | Build | Farm |
| 21:05 | Build | Farm |
| 21:09 | Build | Farm |
| 21:17 | Build | Farm |
| 21:33 | Build | Farm |
| 21:37 | Build | Farm |
| 21:43 | Build | Farm |
| 21:52 | Build | Barracks |
| 22:07 | Build | Farm |
| 22:08 | Build | House |
| 22:10 | Build | House |
| 22:26 | Build | Siege Workshop |
| 22:27 | Build | Farm |
| 22:35 | Build | Farm |
| 22:37 | Build | House |
| 22:48 | Build | House |
| 22:58 | Build | Farm |
| 22:59 | Build | Mill |
| 23:01 | Build | Mining Camp |
| 23:13 | Queue | Mangonel |
| 23:13 | Build | Farm |
| 23:20 | Build | Farm |
| 23:22 | Research | Tech None |
| 23:31 | Build | Farm |
| 23:41 | Build | Stable |
| 23:47 | Build | Farm |
| 24:03 | Build | Farm |
| 24:12 | Build | Farm |
| 24:17 | Build | Barracks |
| 24:28 | Build | Lumber Camp |
| 24:30 | Research | Tech None |
| 24:30 | Build | House |
| 24:32 | Research | Tech None |
| 24:32 | Build | Farm |
| 24:37 | Build | House |
| 24:41 | Research | Tech None |
| 24:59 | Build | Barracks |
| 25:01 | Research | Tech None |
| 25:13 | Research | Tech None |
| 25:18 | Build | Market |
| 25:34 | Build | Barracks |
| 25:52 | Build | Barracks |
| 26:22 | Build | Castle |
| 26:25 | Build | Mining Camp |
| 26:38 | Build | Mining Camp |
| 26:44 | Build | House |
| 26:46 | Build | House |
| 26:59 | Queue | Battering Ram |
| 27:37 | Queue | Battering Ram |
| 27:40 | Research | Tech None |
| 27:40 | Build | House |
| 27:41 | Build | House |
| 27:43 | Build | Castle |
| 27:44 | Build | House |
| 27:52 | Research | Tech None |
| 27:52 | Build | Market |
| 27:53 | Research | Tech None |
| 27:55 | Research | Tech None |
| 28:17 | Queue | Monk |
| 28:18 | Build | University |
| 28:26 | Build | Barracks |
| 28:33 | Research | Tech None |
| 28:35 | Build | Lumber Camp |
| 28:40 | Research | Tech None |
| 28:43 | Queue | Scout Cavalry |
| 28:45 | Research | Tech None |
| 28:48 | Build | Stable |
| 29:00 | Build | Market |
| 29:03 | Queue | Obuch |
| 29:13 | Build | Farm |
| 29:20 | Research | Tech None |
| 29:26 | Build | Farm |
| 29:28 | Build | Market |
| 29:29 | Research | Tech None |
| 29:34 | Queue | Scout Cavalry |
| 29:37 | Build | Farm |
| 29:40 | Build | Farm |
| 29:42 | Build | Farm |
| 29:45 | Build | Farm |
| 29:45 | Build | Building 490 |
| 29:47 | Build | Farm |
| 29:50 | Build | Farm |
| 29:53 | Build | Farm |
| 29:58 | Build | Mill |
| 30:01 | Build | Farm |
| 30:08 | Build | Mill |
Build order —
First 150 of 1197 actions detected
| 0:00 | Build | House |
| 0:04 | Build | House |
| 1:45 | Build | Lumber Camp |
| 3:47 | Build | House |
| 4:11 | Build | Mill |
| 4:31 | Build | Lumber Camp |
| 5:51 | Research | Tech None |
| 5:51 | Build | House |
| 6:45 | Build | Mining Camp |
| 7:53 | Build | Farm |
| 7:56 | Build | Farm |
| 7:58 | Build | Farm |
| 8:00 | Build | Farm |
| 8:21 | Build | House |
| 8:33 | Build | Farm |
| 9:04 | Build | Farm |
| 9:28 | Build | Farm |
| 9:35 | Research | Tech None |
| 10:26 | Build | Lumber Camp |
| 11:06 | Build | Lumber Camp |
| 11:10 | Build | Lumber Camp |
| 11:15 | Build | Lumber Camp |
| 11:19 | Build | Lumber Camp |
| 11:24 | Build | Lumber Camp |
| 11:29 | Build | Lumber Camp |
| 11:33 | Build | Lumber Camp |
| 11:38 | Build | Lumber Camp |
| 11:47 | Build | Market |
| 11:51 | Research | Tech None |
| 12:21 | Build | Blacksmith |
| 12:31 | Build | House |
| 12:45 | Build | Farm |
| 13:05 | Research | Tech None |
| 15:45 | Build | Farm |
| 15:47 | Research | Tech None |
| 15:47 | Build | Town Center |
| 15:49 | Build | Town Center |
| 15:54 | Research | Tech None |
| 15:56 | Build | House |
| 16:09 | Build | House |
| 16:23 | Build | House |
| 16:51 | Build | Monastery |
| 17:18 | Build | Farm |
| 17:22 | Build | Farm |
| 17:28 | Build | Farm |
| 17:43 | Build | Farm |
| 17:52 | Build | Farm |
| 17:54 | Build | Farm |
| 18:10 | Build | Farm |
| 18:16 | Research | Tech None |
| 18:27 | Build | Farm |
| 18:36 | Build | Castle |
| 18:40 | Build | Farm |
| 18:44 | Build | Farm |
| 18:52 | Build | Farm |
| 19:01 | Build | Farm |
| 19:08 | Build | Farm |
| 19:16 | Build | Farm |
| 19:27 | Build | Farm |
| 19:29 | Build | House |
| 19:31 | Build | House |
| 19:38 | Build | Farm |
| 19:41 | Build | Farm |
| 19:56 | Research | Tech None |
| 19:56 | Build | Farm |
| 20:04 | Build | Mining Camp |
| 20:14 | Build | Farm |
| 20:26 | Build | Farm |
| 20:29 | Build | Farm |
| 20:43 | Research | Tech None |
| 20:56 | Queue | Arambai |
| 20:56 | Build | Town Center |
| 21:02 | Build | Town Center |
| 21:09 | Build | Town Center |
| 21:15 | Build | Farm |
| 21:25 | Build | Farm |
| 21:27 | Build | Farm |
| 21:37 | Build | Farm |
| 21:46 | Build | Farm |
| 21:54 | Queue | Arambai |
| 21:54 | Build | Lumber Camp |
| 21:58 | Build | Farm |
| 22:27 | Queue | Arambai |
| 22:27 | Build | Mining Camp |
| 22:47 | Research | Tech None |
| 22:48 | Research | Tech None |
| 23:03 | Queue | Arambai |
| 23:03 | Build | Barracks |
| 23:05 | Build | House |
| 23:07 | Build | House |
| 23:17 | Build | Farm |
| 23:22 | Research | Tech None |
| 23:30 | Build | Farm |
| 23:34 | Build | Barracks |
| 23:41 | Build | Farm |
| 24:07 | Queue | Arambai |
| 24:09 | Research | Tech None |
| 24:09 | Build | House |
| 24:11 | Build | Farm |
| 24:11 | Build | House |
| 24:12 | Build | Farm |
| 24:15 | Build | Farm |
| 24:17 | Build | Farm |
| 24:18 | Build | Farm |
| 24:22 | Build | Farm |
| 24:37 | Build | House |
| 24:41 | Build | Farm |
| 24:43 | Build | Farm |
| 24:49 | Build | Mill |
| 24:57 | Build | Farm |
| 25:01 | Build | House |
| 25:03 | Build | Farm |
| 25:06 | Build | Farm |
| 25:22 | Research | Tech None |
| 25:22 | Build | Farm |
| 25:24 | Build | Mining Camp |
| 25:27 | Research | Tech None |
| 25:27 | Build | House |
| 25:36 | Research | Tech None |
| 25:43 | Build | Stable |
| 25:50 | Build | Archery Range |
| 25:59 | Build | Lumber Camp |
| 26:18 | Build | Market |
| 26:23 | Build | University |
| 26:28 | Research | Tech None |
| 26:30 | Build | University |
| 26:34 | Build | University |
| 26:50 | Build | Barracks |
| 26:52 | Build | House |
| 26:54 | Build | House |
| 27:08 | Build | Barracks |
| 27:14 | Build | Market |
| 27:25 | Build | Barracks |
| 27:40 | Research | Tech None |
| 27:40 | Build | Barracks |
| 27:49 | Build | Market |
| 27:53 | Build | Castle |
| 27:55 | Build | Barracks |
| 27:59 | Queue | Battle Elephant |
| 28:01 | Research | Tech None |
| 28:01 | Build | House |
| 28:03 | Build | House |
| 28:07 | Build | Barracks |
| 28:18 | Build | Lumber Camp |
| 28:25 | Build | Farm |
| 28:31 | Build | House |
| 28:33 | Build | House |
| 28:35 | Research | Tech None |
| 28:35 | Build | Stable |
| 28:42 | Build | Barracks |
Build order —
First 150 of 952 actions detected
| 0:00 | Build | House |
| 0:04 | Build | House |
| 1:44 | Build | Lumber Camp |
| 3:47 | Build | House |
| 4:02 | Build | Mill |
| 4:16 | Build | Lumber Camp |
| 5:51 | Research | Tech None |
| 5:51 | Build | House |
| 6:48 | Build | Mining Camp |
| 7:39 | Build | Farm |
| 7:41 | Build | Farm |
| 8:19 | Build | Farm |
| 8:21 | Build | Farm |
| 8:28 | Build | House |
| 8:54 | Build | Farm |
| 9:09 | Build | Farm |
| 9:35 | Research | Tech None |
| 10:21 | Build | Lumber Camp |
| 10:59 | Build | Lumber Camp |
| 11:03 | Build | Lumber Camp |
| 11:47 | Build | Market |
| 11:49 | Research | Tech None |
| 11:49 | Build | Blacksmith |
| 11:53 | Research | Tech None |
| 12:03 | Build | House |
| 12:31 | Build | Farm |
| 12:38 | Research | Tech None |
| 15:20 | Research | Tech None |
| 15:20 | Build | Town Center |
| 15:22 | Research | Tech None |
| 15:22 | Build | Town Center |
| 15:25 | Build | House |
| 15:29 | Research | Tech None |
| 15:36 | Build | House |
| 16:23 | Build | Farm |
| 16:45 | Build | Monastery |
| 17:00 | Build | Farm |
| 17:13 | Build | Farm |
| 17:17 | Build | Farm |
| 18:07 | Build | Farm |
| 18:09 | Research | Tech None |
| 18:09 | Build | Farm |
| 18:12 | Build | Farm |
| 18:16 | Build | Farm |
| 18:21 | Build | House |
| 18:23 | Build | Castle |
| 18:25 | Build | Farm |
| 18:31 | Build | House |
| 18:44 | Build | Farm |
| 18:50 | Build | Farm |
| 19:04 | Build | House |
| 19:08 | Build | Farm |
| 19:12 | Build | Farm |
| 19:20 | Build | Farm |
| 19:33 | Build | Farm |
| 19:36 | Build | Farm |
| 19:45 | Research | Tech None |
| 19:45 | Queue | Mameluke |
| 19:45 | Build | Lumber Camp |
| 19:56 | Build | Farm |
| 20:02 | Build | Farm |
| 20:06 | Build | Farm |
| 20:14 | Build | Farm |
| 20:22 | Build | Farm |
| 20:27 | Queue | Mameluke |
| 20:27 | Build | Farm |
| 20:31 | Build | Farm |
| 20:43 | Build | Mining Camp |
| 20:51 | Build | Farm |
| 20:58 | Build | Farm |
| 21:11 | Build | Farm |
| 21:25 | Research | Tech None |
| 21:25 | Build | Barracks |
| 21:29 | Build | Farm |
| 21:35 | Build | Mining Camp |
| 21:43 | Build | Farm |
| 21:48 | Queue | Mameluke |
| 21:56 | Build | House |
| 21:59 | Build | Farm |
| 22:03 | Build | Mill |
| 22:06 | Build | House |
| 22:10 | Queue | Mameluke |
| 22:26 | Build | Farm |
| 22:29 | Queue | Mameluke |
| 22:29 | Build | House |
| 22:31 | Research | Tech None |
| 22:33 | Research | Tech None |
| 22:39 | Build | Farm |
| 22:50 | Build | Farm |
| 22:52 | Build | House |
| 22:56 | Queue | Mameluke |
| 23:01 | Build | Archery Range |
| 23:15 | Build | Farm |
| 23:19 | Build | Archery Range |
| 23:34 | Build | Farm |
| 23:37 | Build | Farm |
| 23:45 | Research | Tech None |
| 23:53 | Build | Farm |
| 23:54 | Build | Lumber Camp |
| 24:01 | Build | Farm |
| 24:01 | Queue | Mameluke |
| 24:05 | Build | Farm |
| 24:09 | Build | Archery Range |
| 24:22 | Build | House |
| 24:24 | Build | Farm |
| 24:25 | Build | House |
| 24:31 | Build | Mill |
| 24:41 | Build | Farm |
| 24:49 | Build | Siege Workshop |
| 24:51 | Research | Tech None |
| 24:55 | Build | Farm |
| 24:57 | Build | House |
| 25:10 | Build | Archery Range |
| 25:16 | Build | Farm |
| 25:18 | Build | House |
| 25:32 | Build | Farm |
| 25:50 | Build | Town Center |
| 25:52 | Build | Farm |
| 26:05 | Build | Farm |
| 26:16 | Build | House |
| 26:18 | Build | House |
| 26:23 | Build | Farm |
| 26:25 | Build | House |
| 26:34 | Research | Tech None |
| 26:34 | Build | Farm |
| 26:34 | Build | House |
| 26:38 | Research | Tech None |
| 26:50 | Build | Market |
| 26:59 | Build | Mining Camp |
| 27:00 | Build | Market |
| 27:00 | Research | Tech None |
| 27:06 | Build | Mining Camp |
| 27:17 | Build | Market |
| 27:37 | Build | Stable |
| 27:59 | Build | Lumber Camp |
| 28:38 | Build | House |
| 28:40 | Build | House |
| 29:15 | Build | Stable |
| 29:22 | Build | Stable |
| 29:25 | Build | Castle |
| 29:29 | Build | House |
| 29:32 | Build | House |
| 29:42 | Build | Stable |
| 29:45 | Research | Tech None |
| 29:45 | Build | House |
| 29:47 | Research | Tech None |
| 29:52 | Research | Tech None |
| 29:52 | Build | Barracks |
| 29:58 | Build | House |
| 30:05 | Build | University |
Build order —
First 150 of 667 actions detected
| 0:00 | Build | House |
| 0:03 | Build | House |
| 1:44 | Build | Lumber Camp |
| 3:47 | Build | House |
| 4:11 | Build | Mill |
| 4:21 | Build | Lumber Camp |
| 5:51 | Research | Tech None |
| 5:51 | Build | House |
| 7:02 | Build | Mining Camp |
| 7:26 | Build | Farm |
| 7:33 | Build | Farm |
| 8:14 | Build | Lumber Camp |
| 8:21 | Build | House |
| 9:06 | Build | Farm |
| 9:08 | Build | Farm |
| 9:11 | Build | Farm |
| 9:18 | Build | Farm |
| 9:35 | Research | Tech None |
| 10:28 | Build | Lumber Camp |
| 11:12 | Build | Lumber Camp |
| 11:49 | Research | Tech None |
| 11:53 | Research | Tech None |
| 12:02 | Research | Tech None |
| 12:23 | Build | House |
| 12:30 | Build | Market |
| 13:18 | Build | Blacksmith |
| 13:30 | Build | House |
| 13:41 | Build | Farm |
| 13:55 | Research | Tech None |
| 14:02 | Build | Farm |
| 15:00 | Build | Farm |
| 15:09 | Build | Farm |
| 15:18 | Build | Farm |
| 15:27 | Build | Farm |
| 16:36 | Research | Tech None |
| 16:36 | Build | Town Center |
| 16:39 | Research | Tech None |
| 16:39 | Build | Town Center |
| 16:41 | Research | Tech None |
| 16:51 | Build | House |
| 16:53 | Build | House |
| 17:19 | Build | House |
| 17:22 | Build | Farm |
| 17:24 | Build | Farm |
| 17:39 | Build | Farm |
| 17:52 | Build | Farm |
| 18:01 | Build | Farm |
| 18:16 | Build | Farm |
| 18:37 | Build | Farm |
| 18:41 | Build | Farm |
| 18:58 | Build | Monastery |
| 19:10 | Build | Farm |
| 19:14 | Build | Farm |
| 19:20 | Build | Farm |
| 19:33 | Build | Farm |
| 19:36 | Build | Farm |
| 19:36 | Queue | Monk |
| 19:45 | Build | Farm |
| 19:58 | Build | Farm |
| 20:00 | Build | Farm |
| 20:29 | Build | Farm |
| 20:47 | Research | Tech None |
| 20:54 | Build | Siege Workshop |
| 20:56 | Build | Farm |
| 20:58 | Build | House |
| 21:04 | Build | House |
| 21:12 | Build | Farm |
| 21:14 | Build | Farm |
| 21:37 | Build | Mining Camp |
| 21:39 | Build | Farm |
| 22:01 | Queue | Mangonel |
| 22:01 | Build | Barracks |
| 22:03 | Research | Tech None |
| 22:03 | Build | House |
| 22:05 | Build | House |
| 22:06 | Research | Tech None |
| 22:10 | Build | House |
| 22:14 | Build | Mining Camp |
| 22:20 | Research | Tech None |
| 22:31 | Build | House |
| 22:44 | Build | Barracks |
| 22:56 | Build | Lumber Camp |
| 23:07 | Build | Farm |
| 23:09 | Build | Farm |
| 23:11 | Build | Farm |
| 23:19 | Build | Farm |
| 23:21 | Research | Tech None |
| 23:21 | Build | Farm |
| 23:24 | Build | Mill |
| 23:26 | Build | House |
| 23:30 | Build | House |
| 23:39 | Build | House |
| 23:54 | Build | Farm |
| 24:09 | Build | Stable |
| 24:33 | Build | Stable |
| 24:51 | Build | University |
| 24:53 | Research | Tech None |
| 24:57 | Build | Stable |
| 25:06 | Build | Farm |
| 25:18 | Research | Tech None |
| 25:36 | Build | University |
| 25:43 | Build | House |
| 25:45 | Build | House |
| 25:48 | Research | Tech None |
| 25:48 | Build | House |
| 25:57 | Research | Tech None |
| 26:03 | Research | Tech None |
| 26:10 | Build | Barracks |
| 26:21 | Build | Barracks |
| 26:34 | Research | Tech None |
| 26:36 | Research | Tech None |
| 26:38 | Build | Barracks |
| 26:50 | Build | Barracks |
| 26:56 | Build | Lumber Camp |
| 27:02 | Build | House |
| 27:04 | Build | House |
| 27:06 | Build | House |
| 27:25 | Research | Tech None |
| 27:28 | Build | House |
| 27:32 | Build | Barracks |
| 27:43 | Build | Stable |
| 27:57 | Build | Farm |
| 28:02 | Build | Market |
| 28:13 | Build | Farm |
| 28:16 | Build | Siege Workshop |
| 28:21 | Build | Farm |
| 28:25 | Build | Castle |
| 28:29 | Research | Tech None |
| 28:29 | Build | House |
| 28:36 | Build | Farm |
| 28:38 | Build | Farm |
| 28:43 | Build | Market |
| 28:46 | Build | Stable |
| 28:50 | Build | Stable |
| 29:01 | Build | Farm |
| 29:03 | Build | Farm |
| 29:09 | Build | Market |
| 29:13 | Build | Farm |
| 29:15 | Research | Tech None |
| 29:15 | Build | Farm |
| 29:18 | Build | Mill |
| 29:22 | Build | House |
| 29:25 | Build | Farm |
| 29:28 | Build | House |
| 29:31 | Build | House |
| 29:34 | Build | House |
| 29:39 | Build | Farm |
| 29:50 | Build | Farm |
| 29:52 | Research | Tech None |
| 29:55 | Build | Archery Range |
Match timeline
| 10:32 | 角巻肚肚鳥 · age_up feudal |
| 10:58 | 恆浪蕩 · age_up feudal |
| 10:59 | Patrick02e19 · age_up feudal |
| 11:23 | 剧毒术士柯震东 · age_up feudal |
| 11:58 | Patrick02e19 · first_market_sell 100 wood |
| 12:28 | · first_market_sell 100 food |
| 14:08 | 角巻肚肚鳥 · age_up castle |
| 14:18 | · first_market_sell 100 food |
| 14:30 | 恆浪蕩 · age_up castle |
| 14:40 | Patrick02e19 · age_up castle |
| 14:58 | 剧毒术士柯震东 · age_up castle |
| 15:04 | 恆浪蕩 · first_building Monastery |
| 15:18 | 角巻肚肚鳥 · first_market_buy 100 food |
| 15:25 | 剧毒术士柯震东 · first_building Monastery |
| 15:51 | · first_market_sell 100 food |
| 16:34 | · first_market_sell 100 food |
| 16:45 | · first_building Monastery |
| 16:51 | · first_building Monastery |
| 18:23 | · first_building Castle |
| 18:31 | 角巻肚肚鳥 · first_building Monastery |
| 18:32 | 恆浪蕩 · first_market_buy 100 food |
| 18:36 | · first_building Castle |
| 18:58 | · first_building Monastery |
| 19:07 | · first_building Monastery |
| 20:31 | · first_market_buy 100 stone |
| 20:45 | 剧毒术士柯震东 · first_market_buy 100 stone |
| 20:54 | · first_building Siege Workshop |
| 21:25 | · first_building Barracks |
| 21:52 | · first_building Barracks |
| 22:01 | · first_building Barracks |
| 22:26 | · first_building Siege Workshop |
| 23:01 | · first_building Archery Range |
| 23:03 | · first_building Barracks |
| 23:18 | 角巻肚肚鳥 · first_market_sell 500 wood |
| 23:39 | 恆浪蕩 · first_building Siege Workshop |
| 23:41 | · first_building Stable |
| 23:48 | 剧毒术士柯震东 · first_building Barracks |
| 24:09 | · first_building Stable |
| 24:15 | Patrick02e19 · first_building Siege Workshop |
| 24:44 | 恆浪蕩 · first_building Barracks |
| 24:49 | · first_building Siege Workshop |
| 24:52 | 角巻肚肚鳥 · first_building Barracks |
| 24:52 | Patrick02e19 · first_building Barracks |
| 25:09 | Patrick02e19 · first_building Castle |
| 25:22 | 角巻肚肚鳥 · first_building Castle |
| 25:41 | · first_market_buy 100 stone |
| 25:43 | · first_building Stable |
| 25:50 | Patrick02e19 · first_building Archery Range |
| 25:50 | · first_building Archery Range |
| 25:51 | Patrick02e19 · first_building Stable |
| 26:22 | · first_building Castle |
| 26:26 | 剧毒术士柯震东 · first_building Castle |
| 26:49 | 角巻肚肚鳥 · first_building Archery Range |
| 27:29 | 恆浪蕩 · age_up imperial |
| 27:37 | · first_building Stable |
| 28:05 | Patrick02e19 · age_up imperial |
| 28:15 | 剧毒术士柯震东 · first_building Stable |
| 28:25 | · first_building Castle |
| 29:19 | 剧毒术士柯震东 · first_building Archery Range |
| 29:22 | 角巻肚肚鳥 · age_up imperial |
| 29:55 | · first_building Archery Range |
| 30:23 | · first_building Siege Workshop |
| 30:41 | 剧毒术士柯震东 · age_up imperial |
| 32:11 | 恆浪蕩 · first_building Castle |
| 32:53 | · first_building Archery Range |
| 33:15 | Patrick02e19 · first_market_buy 100 food |
| 36:38 | · first_market_buy 100 wood |
| 38:52 | 角巻肚肚鳥 · first_building Stable |
| 39:36 | 剧毒术士柯震东 · first_market_sell 500 wood |
| 44:23 | 剧毒术士柯震东 · tribute_sent a jugador 1 |
| 44:23 | 剧毒术士柯震东 · tribute_sent a jugador 3 |
| 44:23 | 剧毒术士柯震东 · tribute_sent a jugador 4 |
| 44:23 | 剧毒术士柯震东 · tribute_sent a jugador 5 |
| 44:23 | 剧毒术士柯震东 · tribute_sent a jugador 6 |
| 44:23 | 剧毒术士柯震东 · tribute_sent a jugador 7 |
| 44:23 | 剧毒术士柯震东 · tribute_sent a jugador 8 |
| 44:53 | · first_market_buy 100 food |
| 44:58 | 角巻肚肚鳥 · wall_segment Stone Wall x1 |
| 50:41 | 恆浪蕩 · wall_segment Stone Wall x1 |
| 50:43 | 恆浪蕩 · wall_segment Stone Wall x1 |
| 52:50 | · resign |
[ AI ANALYSIS · 1 CREDIT ]
What really happened in this match?
Wolo.gg analyzes every decision: build order, eco, micro, common mistakes by bracket. Personalized analysis on WhatsApp or Discord in 30 seconds.
Civ guide
Britons
Perfil
Jugador #225436